AoeStats
← CocoVasile

Arena

506050263Analyzed
1v1 RM · 21d ago on Sep 12, 2026· 38m 11s· 2 players
Game mode
Random Map
Map size
Tiny (2 player)
Population
200
Speed
Normal
Resources
Standard
Victory
Conquest
Starting age
Dark Age
Ending age
Imperial Age
RankedLock teamsTeams togetherTeam positionsShared explorationLock speedFull tech treeHidden civsTurbo modeCheats
Victory
Defeat
🇧🇷 Persians · Brazil
926
+16
🇺🇸 Spanish · United States
922
-16
CocoVasile
9:35 Feudal Age
10:35 Double-Bit Axe
10:37 Horse Collar
12:03 Loom
16:02 Wheelbarrow
18:14 Castle Age
19:45 Pikeman
20:11 Gambesons
20:27 Squires
20:12 Arson
21:29 Gold Mining
21:56 Forging
22:07 Scale Mail Armor
23:02 Heavy Plow
26:22 Hand Cart
26:53 Stone Mining
26:59 Gambesons
27:15 Squires
27:00 Arson
28:16 Stone Shaft Mining
27:31 Man-at-Arms
28:48 Iron Casting
28:29 Chain Mail Armor
28:12 Long Swordsman
30:47 Fletching
30:57 Padded Archer Armor
30:21 Elite Skirmisher
31:40 Bow Saw
35:39 Imperial Age
34:34 Thumb Ring
35:06 Scale Barding Armor
35:54 Bloodlines
36:11 Chain Barding Armor
36:00 Husbandry
35:47 Two-Handed Swordsman
35:57 Cavalier
nu1z8q1o
9:15 Feudal Age
10:39 Double-Bit Axe
16:24 Castle Age
15:46 Horse Collar
22:10 Loom
28:29 Wheelbarrow
31:12 Imperial Age
28:46 Kamandaran
29:33 Heavy Plow
29:37 Crossbowman
30:24 Town Watch
31:46 Town Patrol
31:52 Fletching
32:03 Padded Archer Armor
32:59 Thumb Ring
34:22 Chemistry
33:44 Ballistics
34:38 Leather Archer Armor
34:20 Bodkin Arrow
34:41 Leather Archer Armor
35:00 Conscription
35:26 Hand Cart
35:05 Pikeman
35:54 Halberdier
Connection lost

Rejoining the realm…

Still unreachable

The connection could not be restored.

Session expired

The server has moved on; the page needs a fresh start.